 Dungeon Crawl Stone Soup version 0.30-a0-1018-g25214051b3 (webtiles) character file.

Game seed: 13169231727468003655

65 AstroCodex24 the Covered (level 3, -1/31 HPs)
             Began as a Demigod Fighter on Apr 7, 2023.
             Slain by a goblin
             ... wielding a +0 club
             ... led by Robin
              (2 damage)
             ... on level 2 of the Dungeon.
             The game lasted 00:04:02 (866 turns).

AstroCodex24 the Covered (Demigod Fighter)           Turns: 866, Time: 00:04:02

Health: -1/31      AC:  6    Str: 27    XL:     3   Next: 67%
Magic:  5/5        EV:  9    Int: 10    God:
Gold:   53         SH:  4    Dex: 13    Spells: 2/2 levels left

rFire   . . .      SeeInvis .    a - +0 war axe
rCold   . . .      Faith    .    c - +0 buckler
rNeg    . . .      Spirit   .    b - +0 scale mail
rPois   .          Reflect  .    (no helmet)
rElec   .          Rampage  .    (no cloak)
rCorr   .                        (no gloves)
Will    .....                    (no boots) Stlth
                                 (no amulet)
HPRegen 0.25/turn                e - +6 ring of strength
MPRegen 0.09/turn                (no ring)

@: no status effects
A: high MP 1, forlorn, divine attributes
a: no special abilities


You were on level 2 of the Dungeon.
You visited 1 branch of the dungeon, and saw 2 of its levels.

You collected 53 gold pieces.

Inventory:

Hand Weapons
 a - a +0 war axe (weapon)
 g - a +4 dagger
Armour
 b - a +0 scale mail (worn)
 c - a +0 buckler (worn)
Jewellery
 e - a +6 ring of strength (left hand)
Scrolls
 f - a scroll of teleportation {unknown}
Potions
 d - a potion of might


   Skills:
 + Level 3.1 Fighting
 + Level 2.5 Axes
 + Level 3.3 Armour
 + Level 0.2 Dodging
 + Level 0.2 Stealth
 + Level 2.9 Shields


You had 2 spell levels left.
You didn't know any spells.
Your spell library was empty.

Dungeon Overview and Level Annotations

Branches:
Dungeon (2/15)

Annotations:
D:2 Robin


Innate Abilities, Weirdness & Mutations

You have an increased reservoir of magic. (+10% MP)
You shall have no god before yourself.
Your divine heritage dramatically boosts your attributes as you level up.


Message History

The hobgoblin shouts!
You block the goblin's attack. The hobgoblin barely misses you.
The hobgoblin hits you. The worm barely misses you.
You completely miss the hobgoblin. You barely miss Robin. You hit the goblin.
You kill the goblin!
You barely miss the goblin. You barely miss the hobgoblin. You hit the worm.
The hobgoblin closely misses you. Robin closely misses you.
The goblin hits you but does no damage. The hobgoblin barely misses you.
An endoplasm comes into view.
The worm barely misses you. The hobgoblin attacks as you move away!
The hobgoblin hits you. Robin barely misses you.
Things that are here:
a +0 dagger; a +0 club; an adder corpse The endoplasm quivers.
You hit Robin.
Robin is moderately wounded.
You hit the worm. You closely miss the hobgoblin.
The hobgoblin closely misses you. You block Robin's attack.
The worm bites you but does no damage. The hobgoblin hits you.
Robin hits you with a +0 mace.
You slash Robin!
Robin is severely wounded.
You slash the hobgoblin!
You kill the hobgoblin!
You barely miss the worm. Robin hits you with a +0 mace.
The worm bites you but does no damage.
You hit Robin but do no damage.
Robin is severely wounded.
You completely miss the worm. You slash the hobgoblin!
You kill the hobgoblin!
The goblin no longer looks unusually strong.
Robin misses you. The worm bites you!
* * * LOW HITPOINT WARNING * * *
Robin roars a battlecry!
The goblin goes into a battle-frenzy!
The goblin hits you with a +0 club.
* * * LOW HITPOINT WARNING * * *
The goblin attacks as you move away! The goblin hits you with a +0 club.
You die...

..?............
....#........ ##...
........... ..
......##......##.
..###.###.S.....#....
.........[###J.....#
.............gg..#.#
........####wg##.....
............g@# ##..#
.......#.####.# .#
#........# #.# #
....#...## ..# ..#
###.# #.## .######.##
#.# ......#..# #.#
...# #....##..##
>....#####........


You could see a worm, Robin, an endoplasm, a hobgoblin (strong) and 2 goblins.

Vanquished Creatures
  2 adders (D:2)
  3 ball pythons
  5 bats (D:1)
  4 endoplasms (D:1)
  A giant cockroach (D:1)
  6 goblins
  8 hobgoblins
  3 jackals (D:1)
  2 quokkas (D:1)
  2 frilled lizards (D:1)
  5 rats
41 creatures vanquished.

Notes
Turn   | Place    | Note
-------+----------+-------------------------------------------
     0 | D:1      | AstroCodex24 the Demigod Fighter began the quest for the
                  | Orb.
     0 | D:1      | Reached XP level 1. HP: 18/18 MP: 3/3
   207 | D:1      | Reached XP level 2. HP: 21/25 MP: 4/4
   778 | D:2      | Reached XP level 3. HP: 31/31 MP: 5/5
   846 | D:2      | Noticed Robin
   865 | D:2      | HP: 1/31 [goblin/+0 club[Robin] (2)]
   866 | D:2      | Slain by a goblin

Illustrated notes

Levels and vault maps discovered:
D:1:      onia_arrival_handbag, layout_rooms, dreamdust_princess_corridor,
          chequers_arboretum
D:2:      layout_rooms, shapermc_ecumenical_altar_rom_forum,
          nrook_mini_backslash, uniq_robin

Skill      XL: |  1  2 |
---------------+-------+-----
Axes           | 2 |  2.5
Armour         | 3 |  3.3
Fighting       | 3 |  3.1
Dodging        | |  0.2
Stealth        | |  0.2
Shields        | |  2.9

Action                     || total
---------------------------++-------
  Melee: War axe           ||    88
 Armour: Scale mail        ||    55
  Dodge: Dodged            ||    79
  Block: Buckler           ||    34

Table legend: (Time is in decaauts)
 A = Elapsed time spent in this place.
 B = Non-inter-level travel time spent in this place.
 C = Inter-level travel time spent in this place.
 D = Time resting spent in this place.
 E = Time spent auto-exploring this place.
 F = Levels seen in this place.
 G = Mean time per level.
                   A        B        C        D        E       F      G
               +--------+--------+--------+--------+--------+-----+--------+
         Total |    904 |    782 |    122 |      0 |      0 |   2 |  452.0 |
       Dungeon |    904 |    782 |    122 |      0 |      0 |   2 |  452.0 |
               +--------+--------+--------+--------+--------+-----+--------+

Top non-repeatable levels by time:
     D:1: 779 daAuts
     D:2: 124 daAuts
